 Dungeon Sprint DCSS version 0.17-a0-2208-ge5ab1d3 (webtiles) character file.

28 esc the Chucker (level 3, -1/42 HPs)
             Began as an Ogre Hunter on Oct 26, 2015.
             Slain by a human (5 damage)
             ... in the Dungeon (Sprint III: "The Ten Rune Challenge").
             The game lasted 00:00:50 (140 turns).

esc the Chucker (Ogre Hunter)                        Turns: 140, Time: 00:00:50

Health: -1/42      AC:  3    Str: 17    XL:     3   Next: 12%
Magic:  3/3        EV: 11    Int: 10    God:
Gold:   9          SH:  0    Dex: 11    Spells: 0 memorised, 2 levels left

rFire  . . .     SeeInvis .     c - +0 short sword
rCold  . . .     Clarity  .     d - +0 robe
rNeg   . . .     SustAt   .     (no shield)
rPois  .         Gourm    .     (helmet restricted)
rElec  .         Spirit   .     (no cloak)
rCorr  .         Warding  .     (gloves unavailable)
rMut   .         NoTele   +     (boots unavailable)
MR     .....                    (no amulet)
Stlth  +.........               (no ring)
                                (no ring)

@: not resistant to hostile enchantments, very unstealthy
A: unfitting armour, tough skin 1
a: no special abilities


You were in the Dungeon.
You were not hungry.

You visited 1 branch You collected 9 gold pieces.

Inventory:

Hand Weapons
 c - a +0 short sword (weapon)
Missiles
 a - 2 large rocks (quivered) {!d}
 b - 2 throwing nets {=f, !d}
Armour
 d - a +0 robe (worn)
Scrolls
 k - a scroll of blinking {!r}
Potions
 f - a potion of curing
 g - a potion of heal wounds
 h - a potion of haste
 i - 2 potions of magic
 j - a potion of berserk rage {!q}
Comestibles
 e - a bread ration {@e1}
 l - 3 chunks of flesh {@w0}


   Skills:
 + Level 5.2 Fighting
 + Level 5.3 Throwing
 + Level 3.5 Dodging
 - Level 0.7 Stealth


You had 2 spell levels left.
You didn't know any spells.

Dungeon Overview and Level Annotations

Branches:
Dungeon (1/1)

Altars:


Innate Abilities, Weirdness & Mutations

You are too large for most types of armour.
You have tough skin (AC +1).


Message History

You see here a rat corpse.
You butcher the rat corpse.
The rat bites you.
Things that are here:
a chunk of flesh {@w0}; a rat skeleton You take 2 damage, and have 20/22 hp.
You hit the rat. The rat barely misses you.
You closely miss the rat. The rat bites you but does no damage.
You closely miss the rat. The rat closely misses you.
You hit the rat.
You kill the rat!
Your Fighting skill increases to level 3!
You see here a rat corpse.
You butcher the rat corpse.
l - a chunk of flesh {@w0}
l - 2 chunks of flesh {@w0} (gained 1)
You see here a rat skeleton.
A rat comes into view.
You closely miss the rat. The rat bites you.
You take 1 damage, and have 21/23 hp.
You hit the rat but do no damage. The rat bites you but does no damage.
You hit the rat.
You kill the rat!
You see here a rat corpse.
You butcher the rat corpse.
l - 3 chunks of flesh {@w0} (gained 1)
You now have 9 gold pieces.
Jessica the Apprentice Sorceress comes into view.
Jessica shouts!
Aim: Jessica, wearing a robe You throw a large rock {!d}.
The large rock {!d} closely misses Jessica.
Aim: Jessica, wearing a robe You throw a large rock {!d}.
The large rock {!d} barely misses Jessica.
Aim: Jessica, wearing a robe You throw a large rock {!d}.
The large rock {!d} closely misses Jessica.
Jessica barely misses you.
Aim: Jessica, wearing a robe You throw a large rock {!d}.
The large rock {!d} hits Jessica!!
You kill Jessica!
Your Fighting skill gained 2 levels and is now at level 5!
Your Throwing skill increases to level 5!
Your Dodging skill increases to level 3!
You have reached level 2!
You have reached level 3!
Your experience leads to an increase in your attributes!
Increase (S)trength, (I)ntelligence, or (D)exterity?
You feel agile.
You feel stronger.
You regained 11 hp, and now have 33/42 hp.
MP restored: 3
a - 2 large rocks {!d} (gained 1)
You see here a robe.
a - 4 large rocks {!d} (gained 2)
a - 5 large rocks {!d} (gained 1)
You start resting.
Health restored: 42 A human comes into view.
Aim: a human You throw a large rock {!d}.
The large rock {!d} hits the human!!
Aim: a human (almost dead)
You throw a large rock {!d}.
The large rock {!d} closely misses the human.
Aim: a human (almost dead)
You throw a large rock {!d}.
The large rock {!d} barely misses the human.
You miss the human. The human barely misses you.
You completely miss the human. The human misses you.
You hit the human but do no damage. The human closely misses you.
You closely miss the human. The human hits you.
You take 6 damage, and have 36/42 hp.
You hit the human but do no damage. The human hits you. The human hits you!
You take 12 damage, and have 24/42 hp.
MASSIVE DAMAGE!!
You barely miss the human. The human closely misses you.
You barely miss the human. The human hits you but does no damage.
You hit the human but do no damage. The human hits you.
You take 3 damage, and have 22/42 hp.
You barely miss the human. The human hits you.
You take 5 damage, and have 17/42 hp.
You miss the human. The human misses you.
You miss the human. The human hits you.
You take 4 damage, and have 13/42 hp.
You closely miss the human. The human hits you.
* * * LOW HITPOINT WARNING * * *
You take 3 damage, and have 10/42 hp.
You barely miss the human. The human barely misses you.
You hit the human. The human hits you but does no damage.
You barely miss the human. The human misses you.
The human completely misses you.
You closely miss the human. The human hits you!
* * * LOW HITPOINT WARNING * * *
You take 8 damage, and have 3/42 hp.
You hit the human. The human misses you.
You barely miss the human. The human barely misses you.
You hit the human but do no damage. The human barely misses you.
You barely miss the human. The human hits you but does no damage.
You closely miss the human. The human misses you.
You closely miss the human. The human hits you.
You die...

▓..##.......#
▓##.##.##...# .#
##.##.###..# .(#
▓#.####.##[.# ...+
▓.###..##..##
#(..# ▓#..÷..##..#
#....#
###..##...##.....#
##..##....#p.....#
#..###..##@# #[.#
#..#### ▓▓▓▓ ▓▓▓▓


You could see a human.

Vanquished Creatures
  Jessica (D)
  3 rats (D)
4 creatures vanquished.

Notes
Turn   | Place    | Note
--------------------------------------------------------------
     0 | D        | esc the Ogre Hunter began the quest for the Orb.
     0 | D        | Reached XP level 1. HP: 22/22 MP: 1/1
     8 | D        | Reached skill level 2 in Dodging
    14 | D        | Reached skill level 3 in Fighting
    47 | D        | Noticed Jessica
    51 | D        | Killed Jessica
    51 | D        | Reached skill level 5 in Fighting
    51 | D        | Reached skill level 5 in Throwing
    51 | D        | Reached skill level 3 in Dodging
    51 | D        | Reached XP level 2. HP: 28/35 MP: 2/2
    51 | D        | Reached XP level 3. HP: 33/42 MP: 3/3
   130 | D        | HP: 10/42 [human (3)]
   134 | D        | HP: 3/42 [human (8)]
   140 | D        | Slain by a human

Vault maps used:
D:        dungeon_sprint_mu

Action                   || total
-------------------------++-------
Melee: Short sword       ||    30
Throw: Large rock        ||     7

Vault maps used:
D:        dungeon_sprint_mu

Table legend:
 A = Turns spent in this place as a percentage of turns spent in the entire game.
 B = Non-inter-level travel turns spent in this place as a percentage of non-inter-level travel turns spent in the entire game.
 C = Inter-level travel turns spent in this place as a percentage of turns spent in this place.
 D = Turns resting spent in this place as a percentage of non-inter-level travel turns spent in this place.
 E = Turns spent auto-exploring this place as a percentage of non-inter-level travel turns spent in this place.
 F = Non-inter-level travel turns spent in this place divided by the number of levels of this place that you've seen.
                   A       B       C       D       E      F
               +-------+-------+-------+-------+-------+----------------------
         Total | 100.0 | 100.0 |   0.0 |   2.3 |   0.0 |  86.0
       Dungeon | 100.0 | 100.0 |   0.0 |   2.3 |   0.0 |  86.0
               +-------+-------+-------+-------+-------+----------------------

Table legend:
 A = Kills in this place as a percentage of kills in entire the game.
 B = Kills by you in this place as a percentage of kills by you in the entire game.
 C = Kills by friends in this place as a percentage of kills by friends in the entire game.
 D = Other kills in this place as a percentage of other kills in the entire game.
 E = Experience gained in this place as a percentage of experience gained in the entire game.
 F = Experience gained in this place divided by the number of levels of this place that you have seen.
                   A       B       C       D       E      F
               +-------+-------+-------+-------+-------+----------------------
         Total | 100.0 | 100.0 |  -nan |  -nan | 100.0 |  40.0
       Dungeon | 100.0 | 100.0 |  -nan |  -nan | 100.0 |  40.0
               +-------+-------+-------+-------+-------+----------------------
